 Dungeon Crawl Stone Soup version 0.26.0-16-gc1dbca0489 (webtiles) character file.

Game seed: 236897393840296742

7 JizzGoblin the Caller (level 1, -1/7 HPs)
             Began as a Felid Summoner on Jan 18, 2021.
             Slain by a hobgoblin
             ... wielding a +0 club
              (4 damage)
             ... on level 1 of the Dungeon.
             The game lasted 00:06:59 (562 turns).

JizzGoblin the Caller (Felid Summoner)               Turns: 562, Time: 00:06:59

Health: -1/7       AC:  1    Str:  4    XL:     1   Next: 83%
Magic:  4/4        EV: 18    Int: 16    God:
Gold:   0          SH:  0    Dex: 16    Spells: 3/4 levels left
                                        Lives:  0   Deaths: 0

rFire    . . .     SeeInvis +   (weapon unavailable)
rCold    . . .     Faith    .   (shield unavailable)
rNeg     . . .     Spirit   .   (armour unavailable)
rPois    .         Reflect  .   (helmet unavailable)
rElec    .         Harm     .   (cloak unavailable)
rCorr    .         Rampage  .   (gloves unavailable)
Will     .....                  (boots unavailable)
Stlth    +++.......             (no amulet)
HPRegen  0.02/turn              (no ring)
MPRegen  0.09/turn              (no ring)

@: lethally poisoned (-1 -> -11), quick
A: very small, no armour, no weapons or thrown items, stealth, claws 1, fangs 3,
see invisible, speed 1, shaggy fur 1, sharp paws
a: no special abilities


You were on level 1 of the Dungeon.
You visited 1 branch of the dungeon, and saw 1 of its levels.

You aren't carrying anything.


   Skills:
 + Level 2.6 Dodging
 + Level 2.6 Stealth
 + Level 2.0 Spellcasting
 + Level 4.3 Summonings


You had 3 spell levels left.
You knew the following spells:

 Your Spells              Type           Power        Failure   Level
a - Summon Small Mammal   Summ           60%          3%          1

Your spell library contained the following spells:

 Spells                   Type           Power        Failure   Level
 Call Imp                 Summ           15%          5%          2
 Call Canine Familiar     Summ           15%          11%         3
 Summon Guardian Golem    Hex/Summ       8%           26%         3
 Summon Ice Beast         Ice/Summ       8%           63%         4
 Summon Lightning Spire   Summ/Air       8%           63%         4


Dungeon Overview and Level Annotations

Branches:
Dungeon (1/15)

Altars:


Innate Abilities, Weirdness & Mutations

You cannot wear armour.
You are incapable of wielding weapons or throwing items.
Your paws allow you to move quietly. (Stealth)
You have sharp claws.
You have razor-sharp teeth.
You have supernaturally acute eyesight. (SInv)
You cover ground quickly.
You are covered in fur. (AC +1)
Your sharp claws are effective at attacking unaware monsters.


Message History

You swap places.
A hobgoblin comes into view. It is wielding a +0 club.
The hobgoblin shouts!
You hear a shout!
Your rat disappears in a puff of smoke!
The hobgoblin throws a poisoned dart.
The poisoned dart hits you.
You are poisoned.
Found an escape hatch in the floor.
You see here a poisoned dart.
You feel sick.
You scratch the hobgoblin.
The hobgoblin is moderately wounded.
The hobgoblin hits you with a +0 club. The hobgoblin misses you.
You scratch the hobgoblin but do no damage.
The hobgoblin is moderately wounded.
You feel sick. The hobgoblin misses you. The hobgoblin barely misses you.
You scratch the hobgoblin.
The hobgoblin is heavily wounded.
The hobgoblin closely misses you. The hobgoblin hits you with a +0 club.
Ouch! That really hurt!
You die...

*,* *,,,,,,* *,...*,##....#
*,*****,,,,,,* **#.#*,,##....
,,,,,,+,,,,,,* #.#**,,###..
*,*****,,,,,,* #.# **,..###
*,*****,,,,,,* #.######....
,,,,,,*,,,,,,* #######........#,,
*,***,***#######........####..#,,
*,* *,* *...............# #..#,,
*,***,* *......g@(......####..#**
,,,,*,* *.......g#####.#......#
*,*,*,* *........# #.#......#
*,*,*,* *........# #.#......#
,,,,*****###'''###***##+......#
*,*,******##...********#......###
*,*,***,,§##...**,,,***#.........
,,,,**,,,○§#.>.*,,,,,**#......###
,,,,**,,,,,*,,,*,,,,,**#.........


You could see 2 hobgoblins.

Vanquished Creatures
  A ball python (D:1)
  A hobgoblin (D:1)
2 creatures vanquished.

Vanquished Creatures (collateral kills)
  A giant cockroach (D:1)
  2 hobgoblins (D:1)
  A frilled lizard (D:1)
  A kobold (D:1)
5 creatures vanquished.

Grand Total: 7 creatures vanquished

Notes
Turn   | Place    | Note
-------+----------+-------------------------------------------
     0 | D:1      | JizzGoblin the Felid Summoner began the quest for the Orb.
     0 | D:1      | Reached XP level 1. HP: 7/7 MP: 4/4
   562 | D:1      | Slain by a hobgoblin

Illustrated notes

Levels and vault maps discovered:
D:1:      minmay_arrival_loop, layout_basic, nemelex_altar_shiori

Action                   || total
-------------------------++-------
Melee: Unarmed           ||    26
       Bite              ||     3
 Cast: Summon Small Mamm ||     8
  Use: Scroll            ||     2
Dodge: Dodged            ||    29
